 Dungeon Crawl Stone Soup version 0.29-a0-757-g358383bc75 (webtiles) character file.

Game seed: 10807519514441533950

13 zeratav the Ruffian (level 2, 0/29 HPs)
             Began as a Troll Fighter on July 1, 2022.
             Slain by a kobold
             ... wielding a +0 short sword
              (4 damage)
             ... on level 1 of the Dungeon.
             The game lasted 00:00:41 (233 turns).

zeratav the Ruffian (Troll Fighter)                  Turns: 233, Time: 00:00:42

Health: 0/29       AC:  4    Str: 23    XL:     2   Next: 24%
Magic:  1/1        EV:  8    Int:  4    God:
Gold:   28         SH:  7    Dex:  9    Spells: 1/1 levels left

rFire   . . .      SeeInvis .     - Unarmed
rCold   . . .      Faith    .   b - +0 kite shield
rNeg    . . .      Spirit   .   a - +0 robe
rPois   .          Reflect  .   (helmet restricted)
rElec   .          Harm     .   (no cloak)
rCorr   .          Rampage  .   (gloves unavailable)
Will    .....                   (boots unavailable)
Stlth   +.........              (no amulet)
HPRegen 0.89/turn               (no ring)
MPRegen 0.07/turn               (no ring)

@: no status effects
A: large, unfitting armour, claws 3, regeneration 1, shaggy fur 1, tough skin 1
a: no special abilities


You were on level 1 of the Dungeon.
You visited 1 branch of the dungeon, and saw 1 of its levels.

You collected 28 gold pieces.


Innate Abilities, Weirdness & Mutations

You are too large for most types of armour.
You have claws for hands.
Your natural rate of healing is unusually fast.
You are covered in fur. (AC +1)
You have tough skin. (AC +1)


   Skills:
 + Level 2.4 Fighting
 + Level 0.0 Throwing
 - Level 2.4 Dodging
 + Level 2.6 Shields
 + Level 3.0 Unarmed Combat


You had one spell level left.
You didn't know any spells.
Your spell library was empty.

Inventory:

Missiles
 i - 2 boomerangs (quivered) {throwing}
Armour
 a - a +0 robe (worn)
 b - a +0 kite shield (worn)
Scrolls
 d - a scroll of vulnerability {unknown}
 e - a scroll of identify {unknown}
 f - a scroll of amnesia {unknown}
Potions
 c - a potion of might
 g - a potion of haste {unknown}
 j - a potion of ambrosia {unknown}
 k - a potion of flight {unknown}

Dungeon Overview and Level Annotations

Branches:
Dungeon (1/15) Zot: 5763

Altars:

........#..........#.....♣
........#.......#........#
........#.†.........#....#
........#.....##..#.##.####
........#.....##.##.##.....
........#####.##.##..†.....
#......### #.#..#####..... #.
#..K###.#.## #.[... #.
###K@.#..># #..... #.
###..#..# ##..... #.##
##....# #......
...###..#######...#####......
.............................
..####.#######.#.###....####
#..# #........#.# ##.#
##......##.# #.# ...........(


You could see 2 kobolds.


Message History

A goblin is nearby!
A goblin is nearby!
You block the goblin's attack.
You claw the goblin!
You kill the goblin!
Training target 3.0 for Unarmed Combat reached!
Your Unarmed Combat skill increases to level 3!
You need to enable at least one skill for training.
You drop a +0 mace {mace}.
You drop a +0 club {mace}. x2
Things that are here:
a +0 dagger {short}; a goblin corpse
Things that are here:
a +0 club {mace}; a +0 club {mace}; a +0 mace {mace}
e - a scroll labelled KUCEISSEKEH
Things that are here:
a +0 dagger {short}; a goblin corpse A kobold comes into view.
It is wielding a +0 whip.
The kobold shouts!
You hear a shout!
A kobold is nearby!
A kobold is nearby!
A kobold comes into view. It is wielding a +0 short sword.
The kobold throws a stone.
The stone hits you but does no damage. The kobold hits you with a +0 whip.
You scratch the kobold but do no damage.
The kobold hits you with a +0 whip.
HP[-6]
You take 6 damage, and now have 23/29 hp.
MASSIVE DAMAGE!! (PAUSE)
You scratch the kobold but do no damage.
You block the kobold's attack.
HP[+1]
You barely miss the kobold. The kobold hits you with a +0 whip.
HP[-2]
You take 2 damage, and now have 22/29 hp.
You scratch the kobold but do no damage.
You block the kobold's attack.
The kobold hits you with a +0 short sword.
HP[-4]
You take 4 damage, and now have 18/29 hp.
You scratch the kobold. The kobold hits you with a +0 whip.
The kobold hits you with a +0 short sword.
* * * LOW HITPOINT WARNING * * *
You are too injured to fight recklessly!
You are too injured to fight recklessly!
HP[-7]
You take 7 damage, and now have 11/29 hp.
MASSIVE DAMAGE!! (PAUSE)
You are too injured to fight recklessly!
You are too injured to fight recklessly!
You are too injured to fight recklessly!
You are too injured to fight recklessly!
You are too injured to fight recklessly!
You are too injured to fight recklessly!
You are too injured to fight recklessly!
You are too injured to fight recklessly!
You are too injured to fight recklessly!
You are too injured to fight recklessly!
You are too injured to fight recklessly!
You are too injured to fight recklessly!
You are too injured to fight recklessly!
You are too injured to fight recklessly!
You are too injured to fight recklessly!
You are too injured to fight recklessly!
You are too injured to fight recklessly!
You scratch the kobold but do no damage.
The kobold hits you but does no damage. The kobold closely misses you.
HP[+1]
You closely miss the kobold. The kobold hits you but does no damage.
The kobold hits you with a +0 short sword.
* * * LOW HITPOINT WARNING * * *
HP[-3]
You take 3 damage, and now have 9/29 hp.
You closely miss the kobold. The kobold hits you with a +0 whip.
* * * LOW HITPOINT WARNING * * *
The kobold hits you but does no damage. The kobold barely misses you.
HP[+1]
The kobold attacks as you move away! The kobold hits you but does no damage.
HP[+1] HP[+1]
You closely miss the kobold. The kobold hits you with a +0 whip.
* * * LOW HITPOINT WARNING * * *
HP[-1]
You take 1 damage, and now have 11/29 hp.
You barely miss the kobold. The kobold hits you with a +0 whip.
* * * LOW HITPOINT WARNING * * *
The kobold hits you with a +0 short sword.
* * * LOW HITPOINT WARNING * * *
HP[-6]
You take 6 damage, and now have 5/29 hp.
MASSIVE DAMAGE!! (PAUSE)
You barely miss the kobold. You block the kobold's attack.
The kobold hits you with a +0 short sword.
* * * LOW HITPOINT WARNING * * *
HP[-2]
You take 2 damage, and now have 3/29 hp.
You closely miss the kobold. You block the kobold's attack.
The kobold hits you with a +0 short sword.
You die...

Skill      XL: |  1  2 |
---------------+-------+-----
Unarmed Combat | 3 |  3.0
Fighting       | |  2.4
Dodging        | |  2.4
Shields        | |  2.6

Action                   || total
-------------------------++-------
Melee: Unarmed           ||    36
Armor: Robe              ||    16
Dodge: Dodged            ||    17
Block: Kite shield       ||    11

Levels and vault maps discovered:
D:1:      lightli_molten_gateway, layout_rooms,
          shapermc_ecumenical_altar_totnotflames, chequers_avenue

Notes
Turn   | Place    | Note
-------+----------+-------------------------------------------
     0 | D:1      | zeratav the Troll Fighter began the quest for the Orb.
     0 | D:1      | Reached XP level 1. HP: 22/22 MP: 0/0
     0 | D:1      | magus.rc [v1.9.6]
   120 | D:1      | Reached XP level 2. HP: 29/29 MP: 1/1
   186 | D:1      | Reached skill level 3 in Unarmed Combat
   231 | D:1      | HP: 5/29 [kobold/+0 short sword (5)]
   233 | D:1      | Slain by a kobold

Vanquished Creatures
  3 ball pythons (D:1)
  2 bats (D:1)
  2 giant cockroaches (D:1)
  2 goblins (D:1)
  A frilled lizard (D:1)
  A rat (D:1)
11 creatures vanquished.

Table legend:
 A = Non-vault XP
 B = Vault XP
 C = Vault XP percentage of total XP
 D = Non-vault monster count
 E = Vault monster count
 F = Vault count percentage of total count
                 A         B        C        D         E       F
            +---------+---------+-------+---------+---------+-------
      Total |      19 |       0 |   0.0 |      11 |       0 |   0.0
            +---------+---------+-------+---------+---------+-------
        D:1 |      19 |       0 |   0.0 |      11 |       0 |   0.0
            +---------+---------+-------+---------+---------+-------

Illustrated notes

Table legend:
 A = Kills in this place as a percentage of kills in entire the game.
 B = Kills by you in this place as a percentage of kills by you in the entire game.
 C = Kills by friends in this place as a percentage of kills by friends in the entire game.
 D = Other kills in this place as a percentage of other kills in the entire game.
 E = Experience gained in this place as a percentage of experience gained in the entire game.
 F = Experience gained in this place divided by the number of levels of this place that you have seen.
                   A       B       C       D       E      F
               +-------+-------+-------+-------+-------+----------------------
         Total | 100.0 | 100.0 |   N/A |   N/A | 100.0 |  19.0
       Dungeon | 100.0 | 100.0 |   N/A |   N/A | 100.0 |  19.0
               +-------+-------+-------+-------+-------+----------------------

Table legend: (Time is in decaauts)
 A = Elapsed time spent in this place.
 B = Non-inter-level travel time spent in this place.
 C = Inter-level travel time spent in this place.
 D = Time resting spent in this place.
 E = Time spent auto-exploring this place.
 F = Levels seen in this place.
 G = Mean time per level.
                   A        B        C        D        E       F      G
               +--------+--------+--------+--------+--------+-----+--------+
         Total |    235 |    235 |      0 |      0 |    152 |   1 |  235.0 |
       Dungeon |    235 |    235 |      0 |      0 |    152 |   1 |  235.0 |
               +--------+--------+--------+--------+--------+-----+--------+

Top non-repeatable levels by time:
     D:1: 235 daAuts
